 Dungeon Crawl Stone Soup version 0.31-a0-819-gf6de2f5ab6 (webtiles) character file.

Game seed: 13595233636851225137

1326 qw the Skirmisher (level 8, -1/51 HPs)
             Began as a Gargoyle Hunter on Sept 23, 2023.
             Killed from afar by an acid dragon (24 damage)
             ... with a splash of acid
             ... on level 6 of the Dungeon.
             The game lasted 00:01:30 (4132 turns).

qw the Skirmisher (Gargoyle Hunter)                 Turns: 4132, Time: 00:01:31

Health: -1/51      AC: 11    Str: 15    XL:     8   Next: 60%
Magic:  8/8        EV: 11    Int: 10    God:
Gold:   194        SH:  0    Dex: 15    Spells: 7/7 levels left

rFire   + . .        b - +2 sling "Coicob" {drain, rElec rPois rF+}
rCold   + . .        (no shield)
rNeg    + . .        f - +0 ring mail
rPois   inf          (no helmet)
rElec   +            (no cloak)
rCorr   .            (no gloves)
SInv    .            (no boots)
Will    .....        (no amulet)
Stlth   +            e - +4 ring of protection
HPRegen 0.28/turn    h - ring of protection from cold
MPRegen 0.11/turn

%: no passive effects
@: corroded
A: sickness immunity, AC +5, negative energy resistance 1, electricity
resistance, torment resistance 1, petrification resistance
a: no special abilities


You were on level 6 of the Dungeon.
You visited 1 branch of the dungeon, and saw 6 of its levels.

You collected 194 gold pieces.


Innate Abilities, Weirdness & Mutations

You are immune to sickness and miasma.
Your stone body is resilient. (AC +5)
You are immune to poison.
You resist negative energy. (rN+)
You are resistant to electric shocks. (rElec)
You are resistant to unholy torment.
You are immune to petrification.


   Skills:
 - Level 6.0 Fighting
 + Level 9.2 Ranged Weapons
 - Level 2.5 Armour
 - Level 2.0 Dodging
 - Level 1.1 Stealth


You had 7 spell levels left.
You didn't know any spells.
Your spell library was empty.

Inventory:

Hand Weapons
 b - the +2 sling "Coicob" (weapon) {drain, rElec rPois rF+}
   (You found it on level 2 of the Dungeon)

   rF+:       It protects you from fire.
   rElec:     It insulates you from electricity.
   rPois:     It protects you from poison
 c - a +0 shortbow
Armour
 f - a +0 ring mail (worn)
Jewellery
 e - a +4 ring of protection (left hand)
 h - a ring of protection from cold (right hand)
Scrolls
 j - a scroll of teleportation
 k - a scroll of identify
Potions
 a - 3 potions of might
 d - 2 potions of haste
 g - a potion of enlightenment
 i - 3 potions of curing
 l - a potion of heal wounds {unknown}
 m - a potion of degeneration {unknown}
 n - a potion of resistance {unknown}
 o - a potion of lignification {unknown}

Dungeon Overview and Level Annotations

Branches:
Dungeon (6/15)
 Temple: D:4-7

Altars:
Nemelex Xobeh
Qazlal
Trog
Xom
The Shining One


Message History

You drain the acid dragon.
The acid dragon is moderately wounded.
The acid dragon closely misses you.
The acid dragon claws you but does no damage.
A two-headed ogre comes into view.
It is wielding a +0 giant spiked club and a +0 giant club.
You shoot a sling bullet.
The sling bullet hits the acid dragon but does no damage.
You drain the acid dragon.
The acid dragon is heavily wounded.
The acid dragon bites you.
The acid dragon claws you but does no damage.
You shoot a sling bullet. The sling bullet hits the acid dragon.
You drain the acid dragon.
The acid dragon is severely wounded.
The orc wizard hits you but does no damage.
The acid dragon bites you but does no damage.
The acid dragon closely misses you.
Enter note:
Enter note:
Enter note:
Enter note:
Enter note: You shoot a sling bullet.
The sling bullet hits the acid dragon.
You drain the acid dragon.
The acid dragon is almost dead.
The orc wizard hits you but does no damage.
The acid dragon spits acid at you. The splash of acid hits you!!
The acid corrodes you!
You shoot a sling bullet.
The sling bullet hits the acid dragon but does no damage.
The acid dragon is almost dead.
The orc wizard hits you but does no damage.
The acid dragon barely misses you.
The acid dragon claws you but does no damage.
You shoot a sling bullet.
The sling bullet completely misses the acid dragon.
The sling bullet closely misses the two-headed ogre.
The acid dragon spits acid at you. The splash of acid hits you!!
You die...

##...###...## ###........#
##.........###......:.... *
##.........^......##....
***
##....(.<%.....######...
,,****####......#########
###. ,,,,,..........## ##
*****##.......##
############### ##.@DO.#*
#.o###..# ####### #)8#)#8.#
##......
##'##:#*'#*###...##..
####8..#!+,,.##...######
#..')..#!#,,8#...##
*#########.###%##)#*+##..##
,............#.8#)#8,#..##
,............#..###.,#.##


You could see a two-headed ogre, an acid dragon (catching breath, very drained)
and an orc wizard.

Vanquished Creatures
  A water moccasin (D:3)
  A black bear (D:6)
  A sky beast (D:6)
  2 ogres
  A gnoll sergeant (D:6)
  2 bullfrogs
  4 scorpions
  2 jellies (D:6)
  An orc priest (D:6)
  4 iguanas
  2 sleepcaps
  11 adders
  A shadow imp (D:6)
  2 ufetubi (D:5)
  2 worms
  3 dart slugs
  5 orcs
  3 endoplasms
  2 giant cockroaches
  10 goblins
  5 hobgoblins
  5 jackals
  3 quokkas
  8 ball pythons
  10 bats
  A frilled lizard (D:1)
  7 kobolds
  2 rats
101 creatures vanquished.

Vanquished Creatures (others)
  A wizard (D:3)
1 creature vanquished.

Grand Total: 102 creatures vanquished

Notes
Turn   | Place    | Note
-------+----------+-------------------------------------------
     0 | D:1      | qw the Gargoyle Hunter began the quest for the Orb.
     0 | D:1      | Reached XP level 1. HP: 12/12 MP: 1/1
     0 | D:1      | 0 ||| qw: Version: 0.3-a-83-gcd0e7d8
     0 | D:1      | 0 ||| qw: Game counter: 1358
     0 | D:1      | 0 ||| qw: Melee chars always use a shield: true
     0 | D:1      | 0 ||| qw: God list: Okawaru
     0 | D:1      | 0 ||| qw: Allow faded altars: false
     0 | D:1      | 0 ||| qw: Do Orc after clearing Dungeon:15 true
     0 | D:1      | 0 ||| qw: Do second Lair branch before Depths: true
     0 | D:1      | 0 ||| qw: Lair rune preference: random
     0 | D:1      | 0 ||| qw: Goals: Normal
     0 | D:1      | 0 ||| PLANNING D:1-11
   131 | D:1      | Reached XP level 2. HP: 17/17 MP: 2/2
   421 | D:1      | 421 ||| UPGRADING to +0 ring mail.
   431 | D:1      | 431 ||| DROPPING +0 leather armour.
   444 | D:1      | 444 ||| READING 2 scrolls labelled DOLITT XIUNG.
   450 | D:1      | 450 ||| READING scroll labelled POPEER LERAGAR.
   509 | D:1      | 509 ||| READING scroll labelled QULE JUATRUUMEPS.
   510 | D:1      | 510 ||| DROPPING scroll of noise.
   511 | D:1      | 511 ||| DROPPING scroll of butterflies.
   582 | D:2      | 582 ||| Stepping ~*~*~tactically~*~*~ (retreating).
   583 | D:2      | 583 ||| Stepping ~*~*~tactically~*~*~ (retreating).
   584 | D:2      | 584 ||| Stepping ~*~*~tactically~*~*~ (retreating).
   585 | D:2      | 585 ||| Stepping ~*~*~tactically~*~*~ (retreating).
   587 | D:2      | 587 ||| Stepping ~*~*~tactically~*~*~ (retreating).
   590 | D:2      | Reached skill level 1 in Armour
   590 | D:2      | Reached XP level 3. HP: 17/21 MP: 3/3
   614 | D:2      | Identified the +2 sling "Coicob" {drain, rElec rPois rF+}
   616 | D:2      | 616 ||| SWAPPING to +2 sling "Coicob" {drain, rElec rPois
                  | rF+}.
   806 | D:2      | Reached skill level 5 in Ranged Weapons
  1032 | D:2      | 1032 ||| UPGRADING to +4 ring of protection.
  1033 | D:2      | 1033 ||| READING scroll labelled KERIEJ RILI.
  1034 | D:2      | 1034 ||| READING scroll labelled YHIMIN HUNITO.
  1035 | D:2      | 1035 ||| READING scroll labelled BYEFIJ PUDUGEEH.
  1074 | D:3      | Reached XP level 4. HP: 27/27 MP: 4/4
  1141 | D:3      | Reached skill level 3 in Fighting
  1337 | D:3      | Found a bloodstained altar of Trog.
  1337 | D:3      | You fall into a shaft and drop 3 floors!
  1349 | D:6      | Noticed a sky beast
  1357 | D:6      | Killed a sky beast
  1358 | D:6      | Reached skill level 6 in Ranged Weapons
  1358 | D:6      | Reached XP level 5. HP: 32/32 MP: 5/5
  1436 | D:6      | Noticed a black bear
  1447 | D:6      | Killed a black bear
  1448 | D:6      | Reached XP level 6. HP: 30/39 MP: 6/6
  1548 | D:6      | Found a shimmering altar of Xom.
  1614 | D:6      | 1614 ||| UPGRADING to ring of protection from cold.
  1615 | D:6      | 1615 ||| DRINKING 2 fizzy blue potions.
  1659 | D:6      | 1659 ||| Stepping ~*~*~tactically~*~*~ (retreating).
  1668 | D:6      | Reached XP level 7. HP: 43/44 MP: 7/7
  1743 | D:6      | Identified the +6 short sword of Valour {elec, +Blink rC-
                  | Str+3}
  1784 | D:6      | 1784 ||| READING scroll labelled WORRYN OKERGHE.
  1785 | D:6      | 1785 ||| READING scroll labelled WYQONO GEKUUV.
  1817 | D:6      | 1817 ||| DRINKING 2 silvery potions.
  1826 | D:5      | Entered Level 5 of the Dungeon
  1893 | D:5      | Reached skill level 7 in Ranged Weapons
  1985 | D:5      | Found a stormy altar of Qazlal.
  2158 | D:4      | Reached skill level 8 in Ranged Weapons
  2227 | D:4      | 2227 ||| READING 2 scrolls labelled UNAT MYCZAM.
  2228 | D:4      | 2228 ||| READING 2 scrolls of identify.
  2228 | D:4      | 2228 ||| IDENTIFYING bubbling sapphire potion
  2229 | D:4      | 2229 ||| DROPPING scroll of immolation.
  2549 | D:3      | Reached XP level 8. HP: 49/50 MP: 8/8
  2695 | D:3      | Noticed a wizard
  2698 | D:3      | Killed a wizard
  3283 | D:4      | Found a sparkling altar of Nemelex Xobeh.
  3284 | D:4      | 3284 ||| READING scroll labelled NAMNOSK TANEIPT.
  3285 | D:4      | 3285 ||| DRINKING 2 metallic sapphire potions.
  3286 | D:4      | 3286 ||| READING 2 scrolls of identify.
  3286 | D:4      | 3286 ||| IDENTIFYING inky potion
  3287 | D:4      | 3287 ||| DROPPING potion of invisibility.
  3683 | D:6      | Reached skill level 9 in Ranged Weapons
  3724 | D:6      | Found a glowing golden altar of the Shining One.
  3965 | D:6      | Reached skill level 6 in Fighting
  4127 | D:6      | Noticed a two-headed ogre
  4132 | D:6      | Killed from afar by an acid dragon

Levels and vault maps discovered:
D:1:      lightli_molten_gateway, layout_rooms
D:2:      layout_basic
D:3:      layout_loops_corners, trog_wizard, minmay_between
D:4:      layout_cave_pools, lemuel_coloured_pillars_altar,
          hangedman_abyss_or_decor_slice, minmay_tree_intersection
D:5:      layout_gridville, nicolae_qazlal_eye_of_the_storm,
          dreamdust_princess_corridor, nicolae_letterblocks
          [nicolae_letter_subblock, nicolae_letter_subblock,
          nicolae_letter_subblock, nicolae_letter_subblock,
          nicolae_letter_subblock, nicolae_letter_subblock,
          nicolae_letter_subblock, nicolae_letter_subblock,
          nicolae_letter_subblock, nicolae_letter_subblock,
          nicolae_letter_subblock, nicolae_letter_subblock,
          nicolae_letter_subblock, nicolae_letter_subblock,
          nicolae_letter_subblock, nicolae_letter_subblock,
          nicolae_letter_subblock, nicolae_letter_subblock,
          nicolae_letter_subblock, nicolae_letter_subblock,
          nicolae_letter_subblock, nicolae_letter_subblock,
          nicolae_letter_subblock, nicolae_letter_subblock,
          nicolae_letter_subblock]
D:6:      minmay_chambers_of_sixes, layout_layer_cave,
          mainiacjoe_overflow_boulevard, tso_metal_star, minmay_manual_moon

Skill      XL: |  1  2  3  4  5  6  7  8 |
---------------+-------------------------+-----
Armour         | 1 2 |  2.5
Ranged Weapons | 5 6 8 9 |  9.2
Fighting       | 3 4 5 6 |  6.0
Dodging        | 2 |  2.0
Stealth        | |  1.1

Action                     |  1- 3 |  4- 6 |  7- 9 || total
---------------------------+-------+-------+-------++-------
   Fire: Shortbow          |    59 |       |       ||    59
         Sling             |    27 |   102 |   151 ||   280
    Use: Scroll            |     6 |       |     6 ||    12
         Potion            |       |     1 |     2 ||     3
 Armour: Leather armour    |    10 |       |       ||    10
         Ring mail         |    20 |    53 |    49 ||   122
  Dodge: Dodged            |    23 |    42 |    25 ||    90

Table legend:
 A = Non-vault XP
 B = Vault XP
 C = Vault XP percentage of total XP
 D = Non-vault monster count
 E = Vault monster count
 F = Vault count percentage of total count
                 A         B        C        D         E       F
            +---------+---------+-------+---------+---------+-------
      Total |    1462 |     433 |  22.8 |      89 |      12 |  11.9
            +---------+---------+-------+---------+---------+-------
        D:1 |      18 |       0 |   0.0 |      13 |       0 |   0.0
        D:2 |      51 |       0 |   0.0 |      16 |       0 |   0.0
        D:3 |      95 |     162 |  63.0 |      21 |       6 |  22.2
        D:4 |     338 |       0 |   0.0 |      15 |       0 |   0.0
        D:5 |     377 |       0 |   0.0 |      13 |       0 |   0.0
        D:6 |     583 |     271 |  31.7 |      11 |       6 |  35.3
            +---------+---------+-------+---------+---------+-------
